 Dungeon Crawl Stone Soup version 0.31-a0-703-gcfe89afef6 (webtiles) character file.

Game seed: 11635934617509658726

164 randomguy2701 the Trooper (level 5, 0/47 HPs)
             Began as a Hill Orc Fighter on Sept 9, 2023.
             Slain by a gnoll
             ... wielding a +1 flail of venom
              (8 damage)
             ... on level 3 of the Dungeon.
             The game lasted 00:01:36 (2105 turns).

randomguy2701 the Trooper (Hill Orc Fighter)        Turns: 2105, Time: 00:01:37

Health: 0/47       AC:  7    Str: 19    XL:     5   Next: 45%
Magic:  5/5        EV:  9    Int:  8    God:
Gold:   105        SH:  5    Dex: 12    Spells: 4/4 levels left

rFire   . . .        a - +0 war axe
rCold   . . .        c - +0 buckler
rNeg    . . .        b - +0 scale mail
rPois   +            (no helmet)
rElec   .            (no cloak)
rCorr   .            (no gloves)
SInv    .            (no boots)
Will    .....        (no amulet) Stlth
                     l - ring of wizardry
HPRegen 0.27/turn    q - ring of poison resistance
MPRegen 0.09/turn

%: wizardry (x1)
@: no status effects
A: no striking features
a: no special abilities


You were on level 3 of the Dungeon.
You visited 1 branch of the dungeon, and saw 3 of its levels.

You collected 105 gold pieces.

Inventory:

Hand Weapons
 a - a +0 war axe (weapon)
Armour
 b - a +0 scale mail (worn)
 c - a +0 buckler (worn)
Jewellery
 l - a ring of wizardry (left hand)
 q - a ring of poison resistance (right hand)
Scrolls
 f - 5 scrolls of identify {unknown}
 g - a scroll of teleportation {unknown}
 h - a scroll of amnesia {unknown}
 i - a scroll of immolation {unknown}
 m - a scroll of poison {unknown}
 p - a scroll of noise {unknown}
Potions
 d - a potion of might
 j - a potion of ambrosia {unknown}
 k - a potion of brilliance {unknown}
 n - a potion of degeneration {unknown}
 o - a potion of lignification {unknown}
 r - a potion of berserk rage {unknown}


   Skills:
 + Level 4.7 Fighting
 + Level 4.6 Axes
 + Level 4.0 Armour
 + Level 0.9 Dodging
 + Level 0.1 Stealth
 + Level 4.0 Shields


You had 4 spell levels left.
You didn't know any spells.
Your spell library contained the following spells:

 Spells                   Type           Power      Damage    Failure   Level
 Foxfire                  Conj/Fire      0%         2x1d4     52%         1
 Shock                    Conj/Air       0%         1d3       52%         1
 Swiftness                Air            0%         N/A       86%         3
 Airstrike                Air            0%         2d(0-16)  99%         4
 Animate Armour           Summ/Erth      0%         N/A       99%         4
 Summon Lightning Spire   Summ/Air       0%         N/A       99%         4
 Lee's Rapid Deconstruct  Erth           0%         3d4*      100%        5
 Plasma Beam              Fire/Air       0%         2x1d10    100%        6
 Starburst                Conj/Fire      0%         6d3       100%        6


Dungeon Overview and Level Annotations

Branches:
Dungeon (3/15)

Altars:
Elyvilon

Shops:
D:2 =


Message History

You slash the gnoll!
The gnoll is severely wounded.
You hit the hobgoblin. The hobgoblin closely misses you.
The hobgoblin hits you but does no damage.
The gnoll hits you with a +0 whip. The gnoll closely misses you.
You slash the gnoll!
You kill the gnoll!
You hit the hobgoblin.
You kill the hobgoblin!
You hit the gnoll.
The gnoll hits you with a +1 flail of venom.
You closely miss the gnoll.
The gnoll is moderately wounded.
You hit the gnoll. You block the gnoll's attack. The gnoll barely misses you.
You slash the gnoll!
You kill the gnoll!
You hit the gnoll.
The gnoll hits you with a +1 flail of venom!
The gnoll hits you with a +1 flail of venom.
You are poisoned.
You are too injured to fight recklessly!
You are too injured to fight recklessly!
You are too injured to fight recklessly!
There are monsters nearby!
There are monsters nearby!
Unknown command.
You closely miss the gnoll.
The gnoll is moderately wounded.
You feel very sick. You block the gnoll's attack.
You hit the gnoll but do no damage.
The gnoll is moderately wounded.
You slash the dart slug!
You feel sick.
The gnoll hits you with a +1 flail of venom!
* * * LOW HITPOINT WARNING * * *
You are more poisoned.
The dart slug barely misses you.
It was a potion of curing.
You feel better.
The gnoll hits you with a +1 flail of venom!
You die...

######### #######
#.......# #.....####
#.......#######...(.##..
#.......................
#.....).#######.....##..
#......)#######.....##..
#......@).......(.......
#.....wg#######.....#.##
#........ #....#...#
#......... ##.....#.##
#.......... #.....#...#
............ #.....##...
............##..........
.>...........#.......#..
#.......#..


You could see a gnoll and a dart slug.

Vanquished Creatures
  A scorpion (D:3)
  2 adders
  2 gnolls (D:3)
  2 worms (D:3)
  An orc (D:3)
  2 ball pythons
  10 endoplasms
  2 giant cockroaches (D:1)
  10 goblins
  5 hobgoblins
  3 jackals (D:1)
  7 quokkas
  A bat (D:1)
  2 frilled lizards
  3 kobolds
  2 rats (D:1)
55 creatures vanquished.

Notes
Turn   | Place    | Note
-------+----------+-------------------------------------------
     0 | D:1      | randomguy2701 the Hill Orc Fighter began the quest for the
                  | Orb.
     0 | D:1      | Reached XP level 1. HP: 19/19 MP: 1/1
   104 | D:1      | Reached XP level 2. HP: 27/27 MP: 2/2
   229 | D:1      | Reached XP level 3. HP: 28/33 MP: 3/3
  1131 | D:2      | Found the +7 Throatcutter {drain, coup de grace}
  1172 | D:2      | Found Wefeatz's Jewellery Emporium.
  1241 | D:2      | Found a white marble altar of Elyvilon.
  1557 | D:3      | Reached XP level 4. HP: 39/41 MP: 4/4
  2038 | D:3      | Noticed a scorpion
  2044 | D:3      | Killed a scorpion
  2045 | D:3      | Reached XP level 5. HP: 40/47 MP: 5/5
  2104 | D:3      | HP: 2/47 [gnoll/+1 flail of venom (10)]
  2105 | D:3      | Slain by a gnoll

Illustrated notes

Levels and vault maps discovered:
D:1:      scummos_arrival_hexagon, layout_basic, minmay_cut_off
D:2:      layout_rooms, basic_altar, serial_rivers,
          chequers_serial_rivers_micro_e, chequers_serial_rivers_large_b,
          chequers_serial_rivers_micro_c, chequers_serial_rivers_small_3,
          serial_shops, nicolae_shop_stone, small_statue_intersection,
          serial_park_tiny_2
D:3:      layout_basic, nicolae_overflow_hidden_temple, minmay_misc_feat_square

Skill      XL: |  1  2  3  4 |
---------------+-------------+-----
Fighting       | 4 |  4.7
Axes           | 3 4 |  4.6
Armour         | 4 |  4.0
Shields        | 4 |  4.0
Dodging        | |  0.9
Stealth        | |  0.1

Action                     |  1- 3 |  4- 6 || total
---------------------------+-------+-------++-------
  Melee: War axe           |    90 |    54 ||   144
    Use: Potion            |       |     1 ||     1
 Armour: Scale mail        |    55 |    28 ||    83
  Dodge: Dodged            |    42 |    35 ||    77
  Block: Buckler           |    20 |    12 ||    32

Table legend: (Time is in decaauts)
 A = Elapsed time spent in this place.
 B = Non-inter-level travel time spent in this place.
 C = Inter-level travel time spent in this place.
 D = Time resting spent in this place.
 E = Time spent auto-exploring this place.
 F = Levels seen in this place.
 G = Mean time per level.
                   A        B        C        D        E       F      G
               +--------+--------+--------+--------+--------+-----+--------+
         Total |   2187 |   2142 |     45 |      0 |   1777 |   3 |  729.0 |
       Dungeon |   2187 |   2142 |     45 |      0 |   1777 |   3 |  729.0 |
               +--------+--------+--------+--------+--------+-----+--------+

Top non-repeatable levels by time:
     D:1: 1003 daAuts
     D:3: 606 daAuts
     D:2: 577 daAuts
